cohdb
Replays
Latest Replays
All Replays
Popular Replays
Top Player Replays
Match Explorer
How It Works
Community
CoH3 Stats
Reddit
Sign in to upload your games and track your stats! →
Sign in with Steam
Match 47099908
Unlisted
Match 47099908
Overview
Messages
Build Orders
End
Kettenkrad Recon Vehicle
Construct Infanterie Kompanie
MG 42 Machine Gun Team
Selects Breakthrough Battlegroup
Selects Assault Grenadiers
Grenadier Squad
Grenadier Squad
Infanterie Officer Quarters
Medical Station
Construct Panzergrenadier Kompanie
Panzergrenadier Squad
Panzergrenadier Officer Quarters
Panzergrenadier Squad
Selects Breakthrough
Selects Incendiary Bombing Run
Incendiary Bombing Run
Pak 40 Anti-tank Gun Team
251 Medium Carrier
Selects Rapid Production
Incendiary Bombing Run
Support Elements
Panzergrenadier Squad
Selects Blitzkrieg
Nebelwerfer 42 Rocket Launcher Team
Pak 40 Anti-tank Gun Team
Incendiary Bombing Run
武统台湾
vincent
Chuko
Hogan
Intoxicated17
Masters
桜小路才華
Halation
0
0
Comments
sign in to comment!
No comments posted yet!